 Dungeon Crawl Stone Soup version 0.31-a0-331-geda263fcf1 (webtiles) character file.

Game seed: 15309659566426496006

11109 arthad the Tainter (level 11, -1/84 HPs)
             Began as a Gnoll Wanderer on July 19, 2023.
             Was a Priest of Sif Muna.
             Killed by divine providence
             ... invoked by an orc priest
              (9 damage)
             ... on level 11 of the Dungeon.
             The game lasted 00:52:04 (15428 turns).

arthad the Tainter (Gnoll Wanderer)                Turns: 15428, Time: 00:52:04

Health: -1/84      AC: 12    Str: 12    XL:     11   Next: 72%
Magic:  2/31       EV: 12    Int: 19    God:    Sif Muna [***...]
Gold:   768        SH: 10    Dex: 12    Spells: 10/24 levels left

rFire   . . .        W - +6 spear of Sinair {heavy, SInv}
rCold   . . .        b - +0 buckler
rNeg    . . .        p - +5 ring mail "Loerapronle" {SInv}
rPois   .            (no helmet)
rElec   .            o - scarf {repulsion}
rCorr   .            B - +0 pair of gloves
SInv    +            (no boots)
Will    .....        x - amulet of reflection
Stlth   +++          A - +6 ring of strength
HPRegen 0.34/turn    F - ring of magical power
MPRegen 0.22/turn

%: repel missiles, reflection
@: no status effects
A: fangs 1, strong nose, distributed training, hooves 1, weak 1
a: Renounce Religion, Channel Magic, Forget Spell


You were on level 11 of the Dungeon.
You worshipped Sif Muna.
Sif Muna was most pleased with you.
You visited 2 branches of the dungeon, and saw 12 of its levels.
You also visited: Ossuary and Bailey.

You collected 768 gold pieces.

Inventory:

Hand Weapons
 a - a +0 dagger
 G - a +0 hand axe of electrocution
 I - a +0 executioner's axe
 N - a +2 morningstar of flaming
 R - a +4 war axe
 S - a +5 hand axe
 W - the +6 spear of Sinair (weapon) {heavy, SInv}
   (You found it on level 9 of the Dungeon)

   SInv:      It lets you see invisible.
Missiles
 h - 8 atropa-tipped darts
 k - 30 poisoned darts
Armour
 b - a +0 buckler (worn)
 d - a +0 robe
 i - +0 acid dragon scales
 o - a scarf of repulsion (worn)
 p - the +5 ring mail "Loerapronle" (worn) {SInv}
   (You found it on level 2 of the Dungeon)

   SInv:      It lets you see invisible.
 y - a +0 cloak
 B - a +0 pair of gloves (worn)
 O - +0 swamp dragon scales
Magical Staves
 f - a staff of death
Jewellery
 x - an amulet of reflection (around neck)
 z - an amulet of guardian spirit
 A - a +6 ring of strength (left hand)
 F - a ring of magical power (right hand)
Talismans
 V - a beast talisman
Wands
 r - a wand of flame (29)
 L - a wand of polymorph (5)
 T - a wand of roots (8)
Scrolls
 c - 5 scrolls of summoning
 e - 3 scrolls of teleportation
 j - a scroll of blinking
 l - 3 scrolls of amnesia
 m - 2 scrolls of identify
 u - a scroll of vulnerability
 C - 2 scrolls of immolation
 D - 6 scrolls of enchant weapon
 H - a scroll of noise
 K - a scroll of revelation
 M - 2 scrolls of brand weapon
 U - 3 scrolls of enchant armour
 Z - a scroll of silence
Potions
 g - 7 potions of brilliance
 n - 4 potions of magic
 q - 2 potions of enlightenment
 s - a potion of attraction
 t - 3 potions of curing
 E - a potion of heal wounds
 J - a potion of might
 P - a potion of experience {unknown}
 Q - a potion of invisibility {unknown}
 X - a potion of resistance {unknown}
 Y - a potion of haste


   Skills:
 + Level 7.2 Fighting
 + Level 6.7 Short Blades
 + Level 6.7 Long Blades
 + Level 6.7 Axes
 + Level 6.7 Maces & Flails
 + Level 6.7 Polearms
 + Level 6.7 Staves
 + Level 6.7 Ranged Weapons
 + Level 7.2 Throwing
 + Level 6.7 Armour
 + Level 6.7 Dodging
 + Level 6.7 Stealth
 + Level 7.2 Shields
 + Level 8.2 Unarmed Combat
 + Level 7.3 Spellcasting
 + Level 5.5 Conjurations
 + Level 5.5 Hexes
 + Level 5.5 Summonings
 + Level 5.5 Necromancy
 + Level 5.5 Translocations
 + Level 5.5 Transmutations
 + Level 5.5 Fire Magic
 + Level 5.5 Ice Magic
 + Level 5.5 Air Magic
 + Level 5.5 Earth Magic
 + Level 9.1 Poison Magic
 + Level 7.3 Invocations
 + Level 6.7 Evocations
 + Level 5.5 Shapeshifting


You had 10 spell levels left.
You knew the following spells:

 Your Spells              Type           Power      Damage    Failure   Level
a - Sting                 Tmut/Pois      100%       1d8       1%          1
b - Cigotuvi's Dreadful   Necr/Pois/Air  64%        N/A       2%          2
c - Mephitic Cloud        Conj/Pois/Air  32%        N/A       4%          3
d - Tukima's Dance        Hex            28%        N/A       9%          3
e - Yara's Violent Unrav  Hex/Tmut       14%        3d7       58%         5

Your spell library contained the following spells:

 Spells                   Type           Power      Damage    Failure   Level
 Ozocubu's Armour         Ice            28%        N/A       9%          3
 Passage of Golubria      Tloc           28%        N/A       26%         4
 Ozocubu's Refrigeration  Ice            14%        4d10      100%        7


Dungeon Overview and Level Annotations

Branches:
Dungeon (11/15)            Temple (1/1) D:6            Lair (0/5) D:9
Ossuary (visited)          Bailey (visited)
    Orc: D:9-12

Altars:
Ashenzari
Cheibriados
Dithmenos
Elyvilon
Fedhas
Gozag
Hepliaklqana
Kikubaaqudgha
Makhleb
Nemelex Xobeh
Okawaru
Qazlal
Ru
Sif Muna
Trog
Uskayaw
Vehumet
Wu Jian
Xom
Yredelemnul
Zin
The Shining One

Shops:
D:2 *   D:6 *   D:8 *

Annotations:
D:4 2 transporters, AwFulAwFulPlayer's ghost, weakling DgDe


Innate Abilities, Weirdness & Mutations

You have very sharp teeth.
Your uncanny sense of smell can sniff out nearby items.
Your experience applies equally to all skills.
You have large cloven feet.
You are weak. (Str -2)


Message History

The +0 mace dances into the air!
An orc wizard comes into view. It is wielding a +0 dagger.
The orc priest barely misses you.
The orc priest begins to cast a cantrip, but forgets the words!
You block the orc's attack.
An orc warrior comes into view. It is wielding a +0 hand axe.
You are too injured to fight recklessly!
You puncture the orc priest!
The orc priest is severely wounded.
The orc priest closely misses you.
The orc priest calls down the wrath of Beogh upon you.
Beogh smites you!
* * * LOW HITPOINT WARNING * * *
Your +0 flail hits the orc!
The orc dies!
Sif Muna accepts your kill.
Your +0 mace hits the orc priest.
The orc priest dies!
Sif Muna accepts your kill.
You swap places.
What are your orders? t - Bark!
Orders for allies: a - Attack new target. r - Retreat! s - Stop attacking. g - Guard the area. f - Follow me.
Anything else - Cancel.
Gang up on whom?
Press: ? - help, Dir - move target, f - orc priest
Aim: an orc priest, wielding a +0 mace and wearing a +0 ring mail Attack!
Your +0 flail falls from the air.
Really read the scroll of poison?
The air fills with toxic fumes!
As you read the scroll of poison, it crumbles to dust.
Your +0 mace falls from the air.
It was a potion of mutation.
You feel extremely strange.
You feel weaker.
Your feet thicken and deform.
The orc priest invokes the aid of Beogh against you.
Beogh smites you!
You die...

#..# ∆∆ #§§# ∆ #§§# ∆
#§§### ##+######§§#.
#.......#§§.
#.......#§§#
#.......#§§#########
#.......+§§@§§§oo.§.
#.......#§§§§§§§o§§. ∆
#.......#§§§§§§§§§§.
#.......#§§§§§§§§§§.
#.##....#§§§§§§§§§§.
####.......+§§###+#####
#........###§§#
#...###..#.§§§# ∆ #...#
#..#.)..#


You could see an orc warrior, an orc priest and an orc wizard.

Vanquished Creatures
  2 two-headed ogres
  An orc knight (Bailey)
  Maggie (D:7)
  A troll (D:10)
  Prince Ribbit (D:7)
  Sigmund (D:5)
  3 shadows
  A wraith (D:10)
  17 yaks
  2 wyverns (D:9)
  A dancing weapon (D:10)
  2 acid dragons (D:9)
  Duvessa (D:7)
  5 water moccasins
  11 orc warriors
  A sky beast (D:6)
  A black bear (D:7)
  3 ogres
  4 centaurs
  A kobold brigand (D:7)
  2 phantoms
  An elf zombie (Ossuary)
  7 bullfrogs
  A gnoll sergeant (D:8)
  3 scorpions
  4 wights (D:7)
  Dowan (D:7)
  2 human zombies (Ossuary)
  A jelly (D:6)
  3 gnoll boudas
  10 orc priests
  2 hounds (D:6)
  An iron imp (D:6)
  3 sleepcaps
  2 iguanas (D:4)
  Natasha (thrice) (D:2)
  8 orc wizards
  A hound zombie (Ossuary)
  4 mummies (Ossuary)
  7 adders
  23 gnolls
  A shadow imp (D:7)
  2 white imps
  3 ufetubi
  An adder zombie (Ossuary)
  A dart slug (D:1)
  50 orcs
  9 endoplasms
  A giant cockroach (D:1)
  A gnoll zombie (Ossuary)
  5 goblins
  7 hobgoblins
  3 jackals (D:5)
  10 kobolds
  8 quokkas
  8 ball pythons
  7 bats
  2 hobgoblin zombies (Ossuary)
  A jackal zombie (Ossuary)
  A kobold zombie (Ossuary)
  5 rats
  2 rat zombies (Ossuary)
277 creatures vanquished.

Vanquished Creatures (collateral kills)
  An orc priest (D:11)
  An orc (D:11)
2 creatures vanquished.

Grand Total: 279 creatures vanquished

Notes
Turn   | Place    | Note
-------+----------+-------------------------------------------
     0 | D:1      | arthad the Gnoll Wanderer began the quest for the Orb.
     0 | D:1      | arthad set off with the following items: a +0 dagger, a +0
                  | buckler, a scroll of silence, a +0 robe, a scroll of
                  | teleportation; and the following spell memorised: Sting;
                  | and the following spells available to memorise: Cigotuvi's
                  | Dreadful Rot, Mephitic Cloud.
     0 | D:1      | Reached XP level 1. HP: 17/17 MP: 4/4
   260 | D:1      | Reached XP level 2. HP: 23/23 MP: 1/5
   484 | D:1      | Reached XP level 3. HP: 28/28 MP: 4/7
  1102 | D:1      | Learned a level 2 spell: Cigotuvi's Dreadful Rot
  1106 | D:1      | Learned a level 3 spell: Mephitic Cloud
  1314 | D:1      | Reached skill level 1 in Invocations
  1532 | D:2      | Reached skill level 1 in Short Blades
  1532 | D:2      | Reached skill level 1 in Long Blades
  1532 | D:2      | Reached skill level 1 in Axes
  1532 | D:2      | Reached skill level 1 in Maces & Flails
  1532 | D:2      | Reached skill level 1 in Polearms
  1532 | D:2      | Reached skill level 1 in Staves
  1532 | D:2      | Reached skill level 1 in Ranged Weapons
  1532 | D:2      | Reached skill level 1 in Armour
  1532 | D:2      | Reached skill level 1 in Dodging
  1532 | D:2      | Reached skill level 1 in Stealth
  1532 | D:2      | Reached skill level 1 in Evocations
  1538 | D:2      | Reached XP level 4. HP: 14/34 MP: 0/8
  1808 | D:2      | Reached skill level 1 in Conjurations
  1808 | D:2      | Reached skill level 1 in Hexes
  1808 | D:2      | Reached skill level 1 in Summonings
  1808 | D:2      | Reached skill level 1 in Necromancy
  1808 | D:2      | Reached skill level 1 in Translocations
  1808 | D:2      | Reached skill level 1 in Transmutations
  1808 | D:2      | Reached skill level 1 in Fire Magic
  1808 | D:2      | Reached skill level 1 in Ice Magic
  1808 | D:2      | Reached skill level 1 in Air Magic
  1808 | D:2      | Reached skill level 1 in Earth Magic
  1808 | D:2      | Reached skill level 1 in Shapeshifting
  2270 | D:2      | Reached XP level 5. HP: 32/40 MP: 2/9
  2370 | D:2      | Identified the +5 ring mail "Loerapronle" {SInv}
  2795 | D:2      | Found Tizim's General Store.
  3238 | D:3      | Noticed Natasha
  3253 | D:2      | Killed Natasha
  3312 | D:2      | Noticed Natasha
  3320 | D:2      | Killed Natasha
  3445 | D:2      | Noticed Natasha
  3452 | D:2      | Killed Natasha
  3453 | D:2      | Reached XP level 6. HP: 41/47 MP: 4/11
  3796 | D:3      | Reached skill level 5 in Unarmed Combat
  3894 | D:3      | Found an iron altar of Okawaru.
  5072 | D:4      | Found a transporter.
  5072 | D:4      | Noticed AwFulAwFulPlayer's ghost (weakling DgDe)
  5279 | D:4      | Found a transporter.
  5405 | D:5      | Entered Level 5 of the Dungeon
  5461 | D:5      | Reached XP level 7. HP: 40/52 MP: 3/12
  5853 | D:5      | Noticed Sigmund
  6054 | D:5      | Killed Sigmund
  6200 | D:5      | Found a sacrificial altar of Ru.
  6201 | D:5      | Found a white marble altar of Elyvilon.
  6201 | D:5      | Found a glowing silver altar of Zin.
  6201 | D:5      | Found a shadowy altar of Dithmenos.
  6202 | D:5      | Found a blossoming altar of Fedhas.
  6205 | D:5      | Found a broken altar of Ashenzari.
  6207 | D:5      | Found a hide-covered altar of Uskayaw.
  6868 | D:6      | Found Ipubinn's General Store.
  6916 | D:6      | Reached XP level 8. HP: 60/60 MP: 4/14
  7712 | D:6      | Reached XP level 9. HP: 63/66 MP: 10/16
  7855 | D:6      | Found a staircase to the Ecumenical Temple.
  7877 | Temple   | Entered the Ecumenical Temple
  7898 | Temple   | Became a worshipper of Sif Muna the Loreminder
  7947 | D:6      | Found a snail-covered altar of Cheibriados.
  8143 | D:7      | Found a sand-covered staircase.
  8149 | Ossuary  | Entered an ossuary
  8476 | Ossuary  | Reached skill level 5 in Spellcasting
  8825 | D:7      | Noticed Maggie
  8846 | D:7      | Killed Maggie
  8847 | D:7      | Reached skill level 5 in Fighting
  8847 | D:7      | Reached skill level 5 in Throwing
  8847 | D:7      | Reached skill level 5 in Shields
  8847 | D:7      | Reached skill level 8 in Poison Magic
  9020 | D:7      | Reached * piety under Sif Muna
  9546 | D:7      | Reached skill level 5 in Invocations
  9784 | D:7      | Noticed Prince Ribbit
  9797 | D:7      | Killed Prince Ribbit
  9994 | D:7      | Noticed Duvessa
 10008 | D:7      | Killed Duvessa
 10009 | D:7      | Reached XP level 10. HP: 53/75 MP: 0/18
 10061 | D:7      | Noticed Dowan
 10077 | D:7      | Killed Dowan
 10668 | D:8      | Reached skill level 5 in Short Blades
 10668 | D:8      | Reached skill level 5 in Long Blades
 10668 | D:8      | Reached skill level 5 in Axes
 10668 | D:8      | Reached skill level 5 in Maces & Flails
 10668 | D:8      | Reached skill level 5 in Polearms
 10668 | D:8      | Reached skill level 5 in Staves
 10668 | D:8      | Reached skill level 5 in Ranged Weapons
 10668 | D:8      | Reached skill level 5 in Armour
 10668 | D:8      | Reached skill level 5 in Dodging
 10668 | D:8      | Reached skill level 5 in Stealth
 10668 | D:8      | Reached skill level 5 in Evocations
 10980 | D:8      | Found Ceojod's Lightly-Used Armoury.
 11266 | D:8      | Found a radiant altar of Vehumet.
 11266 | D:8      | Found a basalt altar of Yredelemnul.
 11457 | D:9      | Identified the +6 spear of Sinair {heavy, SInv}
 11804 | D:9      | HP: 2/76 [yak (10)]
 11810 | D:8      | Upgraded the game from 0.31-a0-325-g067879e3d3 to
                  | 0.31-a0-331-geda263fcf1
 12159 | D:9      | Found a staircase to the Lair.
 12180 | D:9      | Reached ** piety under Sif Muna
 12258 | D:9      | Noticed a two-headed ogre
 12272 | D:9      | Killed a two-headed ogre
 13193 | D:10     | Entered Level 10 of the Dungeon
 13223 | D:10     | Reached skill level 5 in Conjurations
 13223 | D:10     | Reached skill level 5 in Hexes
 13223 | D:10     | Reached skill level 5 in Summonings
 13223 | D:10     | Reached skill level 5 in Necromancy
 13223 | D:10     | Reached skill level 5 in Translocations
 13223 | D:10     | Reached skill level 5 in Transmutations
 13223 | D:10     | Reached skill level 5 in Fire Magic
 13223 | D:10     | Reached skill level 5 in Ice Magic
 13223 | D:10     | Reached skill level 5 in Air Magic
 13223 | D:10     | Reached skill level 5 in Earth Magic
 13223 | D:10     | Reached skill level 5 in Shapeshifting
 13223 | D:10     | Reached XP level 11. HP: 82/83 MP: 20/21
 13376 | D:10     | Found a flagged portal.
 13384 | Bailey   | Entered a bailey
 13920 | Bailey   | Noticed an orc knight
 13925 | Bailey   | Reached *** piety under Sif Muna
 13931 | Bailey   | Noticed an orc knight
 14029 | Bailey   | Killed an orc knight
 14030 | Bailey   | Reached skill level 9 in Poison Magic
 14506 | D:10     | Learned a level 3 spell: Tukima's Dance
 14512 | D:10     | Learned a level 5 spell: Yara's Violent Unravelling
 14585 | D:10     | Noticed a two-headed ogre
 14602 | D:10     | Killed a two-headed ogre
 14915 | D:10     | Found a shimmering altar of Xom.
 15428 | D:11     | Gained mutation: You are weak. (Str -2) [potion of
                  | mutation]
 15428 | D:11     | Gained mutation: You have large cloven feet. [potion of
                  | mutation]
 15428 | D:11     | Killed from afar by an orc priest

Illustrated notes

Levels and vault maps discovered:
D:1:      amcnicky_arrival_single_pillar, layout_basic, minivault_14,
          minmay_3d_cube
D:2:      minmay_evil_eye, layout_basic, serial_shops,
          nicolae_shop_pleasant_corner_grove, minmay_misc_feat_iff
D:3:      layout_basic, mainiacjoe_overflow_cross_hatched, uniq_natasha
D:4:      layout_loops_cross, gammafunk_ghost_mausoleum, minivault_24
D:5:      layout_gridville, minitemple, uniq_sigmund
D:6:      layout_cave_pools, slow_altar_2, minmay_temple_entry_statues,
          serial_shops, nicolae_stop_n_shop_1
D:7:      layout_loops_cross, nicolae_ossuary_entry_plus, uniq_duvessa,
          uniq_maggie, uniq_prince_ribbit1
D:8:      layout_loops_ring, gammafunk_temple_overflow_wave, minmay_shop_damaged
D:9:      layout_loops_corners, minmay_lair_entry_grove
D:10:     layout_loops_ring, kennysheep_mini, enter_bailey_2
D:11:     layout_stronghold, hiddenorc2_lemuel, evilmike_ruin_ashenzari
Temple:   hellmonk_temple_micro_hex

Skill      XL: |  1  2  3  4  5  6  7  8  9 10 11 |
---------------+----------------------------------+-----
Invocations    | 1 2 3 4 5 6 7 |  7.3
Short Blades   | 1 2 3 4 6 |  6.7
Long Blades    | 1 2 3 4 6 |  6.7
Axes           | 1 2 3 4 6 |  6.7
Maces & Flails | 1 2 3 4 6 |  6.7
Polearms       | 1 2 3 4 6 |  6.7
Staves         | 1 2 3 4 6 |  6.7
Ranged Weapons | 1 2 3 4 6 |  6.7
Armour         | 1 2 3 4 6 |  6.7
Dodging        | 1 2 3 4 6 |  6.7
Stealth        | 1 2 3 4 6 |  6.7
Evocations     | 1 2 3 4 6 |  6.7
Spellcasting   | 3 4 5 6 7 |  7.3
Conjurations   | 1 2 3 4 5 |  5.5
Hexes          | 1 2 3 4 5 |  5.5
Summonings     | 1 2 3 4 5 |  5.5
Necromancy     | 1 2 3 4 5 |  5.5
Translocations | 1 2 3 4 5 |  5.5
Transmutations | 1 2 3 4 5 |  5.5
Fire Magic     | 1 2 3 4 5 |  5.5
Ice Magic      | 1 2 3 4 5 |  5.5
Air Magic      | 1 2 3 4 5 |  5.5
Earth Magic    | 1 2 3 4 5 |  5.5
Shapeshifting  | 1 2 3 4 5 |  5.5
Fighting       | 3 4 5 6 7 |  7.2
Throwing       | 3 4 5 6 7 |  7.2
Shields        | 3 4 5 6 7 |  7.2
Unarmed Combat | 5 6 7 8 |  8.2
Poison Magic   | 8 9 |  9.1

Action                     |  1- 3 |  4- 6 |  7- 9 | 10-12 || total
---------------------------+-------+-------+-------+-------++-------
  Melee: Staff             |    11 |    26 |   262 |       ||   299
         Bite              |     1 |     3 |    47 |     7 ||    58
         Morningstar       |       |       |    17 |     2 ||    19
         Spear             |       |       |       |   108 ||   108
  Throw: Dart              |     2 |     5 |    11 |    11 ||    29
   Cast: Sting             |    56 |   168 |   341 |   340 ||   905
         Mephitic Cloud    |       |       |    10 |    27 ||    37
         Cigotuvi's Dreadf |       |       |     2 |     1 ||     3
         Tukima's Dance    |       |       |       |     5 ||     5
    Use: Scroll            |       |       |     3 |    20 ||    23
         Potion            |       |       |     6 |     9 ||    15
   Stab: Confused          |       |       |       |     1 ||     1
 Armour: Robe              |     5 |     9 |       |       ||    14
         Ring mail         |       |    17 |   160 |    59 ||   236
         Skin              |       |       |       |    12 ||    12
  Dodge: Dodged            |    13 |    43 |   199 |   121 ||   376
         Repelled          |       |       |       |     2 ||     2
  Block: Buckler           |     6 |    25 |   234 |   163 ||   428
         Reflection        |       |       |     1 |    11 ||    12

Table legend: (Time is in decaauts)
 A = Elapsed time spent in this place.
 B = Non-inter-level travel time spent in this place.
 C = Inter-level travel time spent in this place.
 D = Time resting spent in this place.
 E = Time spent auto-exploring this place.
 F = Levels seen in this place.
 G = Mean time per level.
                   A        B        C        D        E       F      G
               +--------+--------+--------+--------+--------+-----+--------+
         Total |  15484 |  15098 |    386 |   1758 |  10524 |  14 | 1106.0 |
       Dungeon |  14000 |  13618 |    382 |   1446 |   9906 |  11 | 1272.7 |
        Temple |     26 |     22 |      4 |      0 |     16 |   1 |   26.0 |
       Ossuary |    651 |    651 |      0 |      0 |    357 |   1 |  651.0 |
        Bailey |    806 |    806 |      0 |    311 |    245 |   1 |  806.0 |
               +--------+--------+--------+--------+--------+-----+--------+

Top non-repeatable levels by time:
     D:2: 1876 daAuts
     D:1: 1675 daAuts
     D:8: 1529 daAuts
     D:7: 1485 daAuts
     D:5: 1457 daAuts
    D:10: 1336 daAuts
     D:9: 1295 daAuts
     D:4: 1291 daAuts
     D:6: 1232 daAuts
  Bailey: 806 daAuts
     D:3: 709 daAuts
 Ossuary: 651 daAuts
    D:11: 111 daAuts
  Temple: 26 daAuts
